 Dungeon Crawl Stone Soup version 0.28.0-43-g3370ac3207 (webtiles) character file.

Game seed: 5800842604315109342

2930 GreyFruit the Cleaver (level 9, -17/77 (82) HPs)
             Began as a Hill Orc Fighter on Mar 15, 2022.
             Was a Believer of Beogh.
             Killed from afar by Joseph (27 damage)
             ... with a bolt of acid
             ... on level 7 of the Dungeon.
             The game lasted 00:14:56 (8781 turns).

GreyFruit the Cleaver (Hill Orc Fighter)            Turns: 8781, Time: 00:14:57

HP:   -17/77 (82)   AC:  9    Str: 23    XL:     9   Next: 79%
MP:   9/9           EV:  6    Int:  8    God:    Beogh [**....]
Gold: 384           SH:  5    Dex: 10    Spells: 8/8 levels left

rFire   . . .      SeeInvis .   C - +5 war axe
rCold   + . .      Faith    .   c - +0 buckler
rNeg    . . .      Spirit   .   x - +2 plate armour {rC+}
rPois   .          Reflect  .   m - +0 helmet
rElec   .          Harm     .   (no cloak)
rCorr   .          Rampage  .   (no gloves)
Will    .....                   (no boots)
Stlth   ..........              (no amulet)
HPRegen 0.22/turn               (no ring)
MPRegen 0.11/turn               (no ring)

@: corroded, drained
A: no striking features
a: Renounce Religion, Smiting


You were on level 7 of the Dungeon.
You worshipped Beogh.
Beogh was pleased with you.
You visited 1 branch of the dungeon, and saw 7 of its levels.

You collected 384 gold pieces.

Inventory:

Hand Weapons
 a - a +0 war axe
 C - a +5 war axe (weapon)
Missiles
 z - 3 atropa-tipped darts (quivered)
 A - 4 poisoned darts
Armour
 c - a +0 buckler (worn)
 m - a +0 helmet (worn)
 x - a +2 plate armour of cold resistance (worn)
Jewellery
 G - a +6 ring of dexterity
Wands
 s - a wand of digging (6)
Scrolls
 e - 3 scrolls of teleportation {unknown}
 g - 3 scrolls of identify {unknown}
 h - 2 scrolls of enchant weapon {unknown}
 i - a scroll of magic mapping {unknown}
 n - 2 scrolls of amnesia {unknown}
 o - 2 scrolls of fear {unknown}
 r - 2 scrolls of noise {unknown}
 t - a scroll of enchant armour {unknown}
 u - 2 scrolls of silence {unknown}
 v - a scroll of blinking {unknown}
 w - 2 scrolls of fog {unknown}
 y - 2 scrolls of vulnerability {unknown}
 E - a scroll of brand weapon {unknown}
 F - a scroll of immolation {unknown}
Potions
 b - 2 potions of haste {unknown}
 d - 2 potions of brilliance {unknown}
 f - 2 potions of curing {unknown}
 j - a potion of heal wounds {unknown}
 k - a potion of invisibility
 l - a potion of flight {unknown}
 p - 3 potions of mutation {unknown}
 q - a potion of lignification {unknown}
 D - a potion of resistance
Miscellaneous
 B - a condenser vane


   Skills:
 + Level 8.7 Fighting
 + Level 9.1 Axes
 + Level 8.0 Armour
 + Level 7.9 Shields


You had 8 spell levels left.
You didn't know any spells.
Your spell library contained the following spells:

 Spells                   Type           Power      Damage    Failure   Level
 Blink                    Tloc           0%         N/A       100%        2
 Static Discharge         Conj/Air       0%         N/A       100%        2
 Lesser Beckoning         Tloc           0%         N/A       100%        3
 Lightning Bolt           Conj/Air       0%         1d11      100%        5
 Manifold Assault         Tloc           0%         N/A       100%        5
 Maxwell's Capacitive Co  Air            0%         ∞         100%        8


Dungeon Overview and Level Annotations

Branches:
Dungeon (7/15)             Temple (0/1) D:6

Altars:
Ashenzari
Fedhas
Nemelex Xobeh
Ru
Sif Muna
Xom
The Shining One

Portals:
Abyss: D:7

Annotations:
D:7 2 transporters, Joseph; joakim's ghost, novice MiBe


Message History

The scorpion stings you but does no damage.
You hit the scorpion.
You kill the scorpion!
Beogh accepts your kill.
You feel sick.
Joseph shoots a sling bullet.
You block the sling bullet.
You feel sick.
Joseph zaps a wand.
The bolt of acid hits you!! The acid corrodes you!
You see here a scorpion corpse.
You slash Joseph!
Joseph is moderately wounded.
You feel sick.
Joseph unwields a +0 hunting sling.
Joseph wields a +1 quarterstaff of draining.
You sense an unholy aura.
Joseph barely misses you.
You hit Joseph.
Joseph is moderately wounded.
You feel sick.
Joseph hits you with a +1 quarterstaff of draining.
You feel drained.
You slash Joseph!
Joseph is heavily wounded.
You feel sick.
You are no longer poisoned.
Joseph zaps a wand.
The bolt of acid misses you.
You slash Joseph!
Joseph is severely wounded.
Joseph zaps a wand.
The bolt of acid hits you! The acid corrodes you!
You slash Joseph!
Joseph is severely wounded.
Joseph hits you with a +1 quarterstaff of draining!
* * * LOW HITPOINT WARNING * * *
You feel drained.
* * * LOW HITPOINT WARNING * * *
Throw: 4 darts (atropa)
Press: ? - help, Q - select action, (/) - cycle Shift-Dir - straight line, f - Joseph
Aim: Joseph, wielding a +1 quarterstaff of draining, wearing a +0 ring mail, quivering sling bullets and carrying a wand of acid (9) (severely wounded, unusually resistant, 64% to hit, chance to blind on hit: 3%)
You throw an atropa-tipped dart. The atropa-tipped dart hits Joseph.
Joseph resists.
Joseph is severely wounded.
Joseph zaps a wand.
The bolt of acid hits you!!
You die...

### #### #<# ... #[# .. ..# #.#
#.##### #.# #.#. ##+#.#...# #@#
#.#. #....#.#.#
#@#+###########.#. #####....#.#.#
#......##....##.#.
.........+.#.###......##....##.#.
.........#.#.#.#............##.#.
...............#.............#.#.
.............#.#.................
........#....#.#.............#.##
........#....#'#..........####)#
........#......................#


You could see Joseph (resistant).

Vanquished Creatures
  Grinder (D:4)
  A yak (D:5)
  A steam dragon (D:7)
  A water moccasin (D:3)
  A sky beast (D:6)
  2 orc warriors (D:5)
  A hornet zombie (D:6)
  A necrophage (D:4)
  2 ogres
  3 centaurs (D:6)
  2 phantoms
  3 scorpions
  A bullfrog (D:7)
  2 wyvern skeletons
  4 wights (D:7)
  A centaur zombie (D:6)
  A bullfrog zombie (D:6)
  6 hounds
  A bullfrog skeleton (D:6)
  2 jellies
  2 orc priests
  3 centaur skeletons
  3 iguanas
  Ijyb (D:5)
  2 orc wizards
  Robin (D:4)
  A gnoll (D:1)
  A howler monkey skeleton (D:7)
  5 adders
  3 white imps
  2 ufetubi
  An adder skeleton (D:5)
  A worm (D:4)
  2 dart slugs (D:2)
  16 orcs
  3 ball pythons
  3 bats
  8 endoplasms
  3 giant cockroaches
  16 goblins
  6 hobgoblins
  3 quokkas
  A frilled lizard (D:3)
  4 kobolds
  2 rats
130 creatures vanquished.

Vanquished Creatures (others)
  An endoplasm (D:3)
1 creature vanquished.

Grand Total: 131 creatures vanquished

Notes
Turn   | Place    | Note
-------+----------+-------------------------------------------
     0 | D:1      | GreyFruit the Hill Orc Fighter began the quest for the Orb.
     0 | D:1      | Reached XP level 1. HP: 19/19 MP: 1/1
     6 | D:1      | Noticed an iguana
     6 | D:1      | Noticed a tyrant leech
     6 | D:1      | Noticed an imperial myrmidon
     6 | D:1      | Noticed a stone giant
   197 | D:1      | Reached skill level 3 in Axes
   197 | D:1      | Reached XP level 2. HP: 26/27 MP: 2/2
   592 | D:1      | Reached XP level 3. HP: 28/33 MP: 3/3
  1703 | D:2      | Found a faded altar of an unknown god.
  1974 | D:3      | Found a glowing golden altar of the Shining One.
  2042 | D:3      | Became a worshipper of Beogh the Brigand
  2100 | D:3      | Reached XP level 4. HP: 34/40 MP: 4/4
  2176 | D:3      | Noticed a water moccasin
  2182 | D:3      | Killed a water moccasin
  2183 | D:3      | Reached skill level 4 in Axes
  2183 | D:3      | Reached XP level 5. HP: 38/47 MP: 5/5
  2933 | D:4      | Noticed a phantom
  3064 | D:4      | Noticed a necrophage
  3074 | D:4      | Killed a necrophage
  3075 | D:4      | Reached skill level 5 in Fighting
  3075 | D:4      | Reached XP level 6. HP: 20/56 MP: 6/6
  3281 | D:4      | Reached skill level 5 in Axes
  3422 | D:4      | Noticed Robin
  3426 | D:4      | Reached skill level 5 in Armour
  3430 | D:4      | Killed Robin
  3430 | D:4      | Reached * piety under Beogh
  3431 | D:4      | Reached skill level 5 in Shields
  3511 | D:4      | Reached XP level 7. HP: 61/61 MP: 7/7
  3635 | D:4      | Noticed Grinder
  3640 | D:4      | Paralysed by Grinder for 5 turns
  3663 | D:4      | Killed Grinder
  4053 | D:5      | Entered Level 5 of the Dungeon
  4177 | D:5      | Reached skill level 6 in Axes
  4433 | D:5      | Reached XP level 8. HP: 33/71 MP: 8/8
  4922 | D:5      | Found a sacrificial altar of Ru.
  5139 | D:5      | Noticed Ijyb
  5160 | D:5      | Killed Ijyb
  5481 | D:5      | Found a sparkling altar of Nemelex Xobeh.
  5691 | D:6      | Found a broken altar of Ashenzari.
  5695 | D:6      | Found a shimmering altar of Xom.
  5703 | D:6      | Found a shimmering blue altar of Sif Muna.
  5703 | D:6      | Found a blossoming altar of Fedhas.
  6027 | D:6      | Found a staircase to the Ecumenical Temple.
  6056 | D:6      | Reached skill level 7 in Axes
  6159 | D:6      | Noticed a yak
  6208 | D:5      | Killed a yak
  6982 | D:6      | Reached XP level 9. HP: 79/79 MP: 9/9
  7042 | D:6      | Reached skill level 8 in Axes
  7246 | D:6      | Reached ** piety under Beogh
  8391 | D:7      | Found a transporter.
  8455 | D:7      | Reached skill level 9 in Axes
  8563 | D:7      | Noticed a brown ugly thing
  8568 | D:7      | Noticed an ancient zyme
  8577 | D:7      | Found a transporter.
  8592 | D:7      | Found a one-way gate to the infinite horrors of the Abyss.
  8609 | D:7      | Noticed a thrashing horror
  8700 | D:7      | Noticed joakim's ghost (novice MiBe)
  8764 | D:7      | Noticed Joseph
  8781 | D:7      | Killed from afar by Joseph

Illustrated notes

Levels and vault maps discovered:
D:1:      onia_arrival_zoo_common, layout_loops_ring
D:2:      layout_loops_cross, ebering_ecumenical_altar_sacrificial
D:3:      minmay_skewed_foursquare, layout_loops_ring, tso_metal_star
D:4:      layout_rooms, kennysheep_generic_room_5, uniq_grinder, uniq_robin
D:5:      layout_loops_ring, nicolae_ru_path_of_blood,
          nemelex_xobeh_ov_fountains_minmay, minmay_crystal_water, uniq_ijyb
D:6:      minmay_octagon_keep, layout_basic, nicolae_overflow_quartered_altars,
          minmay_temple_entry_antechambers
D:7:      layout_basic, gammafunk_ghost_abyssal_escape,
          kennysheep_decorative_pillar, uniq_joseph

Skill      XL: |  1  2  3  4  5  6  7  8  9 |
---------------+----------------------------+-----
Axes           | 3 4 5 6 7 9 |  9.1
Fighting       | 4 5 6 7 8 |  8.7
Armour         | 4 5 6 8 |  8.0
Shields        | 4 5 6 7 |  7.9

Action                   |  1- 3 |  4- 6 |  7- 9 || total
-------------------------+-------+-------+-------++-------
Melee: War axe           |    90 |    97 |   351 ||   538
Throw: Boomerang         |       |       |    73 ||    73
       Dart              |       |       |    15 ||    15
Invok: Convert to Beogh  |     1 |       |       ||     1
  Use: Potion            |     1 |       |     1 ||     2
Armor: Scale mail        |    45 |    46 |    84 ||   175
       Plate armour      |       |       |   114 ||   114
Dodge: Dodged            |    35 |    38 |   143 ||   216
Block: Buckler           |    18 |    26 |    88 ||   132
